 Dungeon Crawl Stone Soup version 0.31-a0-208-gdb31a4691d (webtiles) character file.

Game seed: 4594317486811569970

105 tsouns the Ruffian (level 4, -6/30 HPs)
             Began as a Gargoyle Monk on June 28, 2023.
             Splashed by a jelly's acid (9 damage)
             ... on level 3 of the Dungeon.
             The game lasted 00:03:05 (1717 turns).

tsouns the Ruffian (Gargoyle Monk)                  Turns: 1717, Time: 00:03:06

Health: -6/30      AC:  1    Str: 16 (17) XL:     4   Next: 81%
Magic:  4/4        EV:  7    Int:  9 (10) God:
Gold:   124        SH:  9    Dex:  9 (12) Spells: 3/3 levels left

rFire   + .          .
                       - Unarmed
rCold   . . .        l - +0 tower shield
rNeg    + . .        a - +0 robe
rPois   ∞            (no helmet)
rElec   +            (no cloak)
rCorr   .            (no gloves)
SInv    .            (no boots)
Will    .....        (no amulet)
Stlth   +            (no ring)
HPRegen 0.25/turn    (no ring)
MPRegen 0.09/turn

%: random rage (3%)
@: mighty, brilliant, corroded, hasted, very quick
A: sickness immunity, AC +3, negative energy resistance 1, electricity
resistance, torment resistance 1, petrification resistance, berserk 1, fire
resistance 1
a: no special abilities


You were on level 3 of the Dungeon.
You visited 1 branch of the dungeon, and saw 3 of its levels.

You collected 124 gold pieces.

Inventory:

Missiles
 i - a throwing net
Armour
 a - a +0 robe (worn)
 c - an orb of light
 l - a +0 tower shield (worn)
Jewellery
 h - an amulet of faith
Scrolls
 b - a scroll of identify {unknown}
 d - a scroll of fear {unknown}
 g - 2 scrolls of vulnerability {unknown}
 k - 2 scrolls of teleportation {unknown}
 n - a scroll of summoning {unknown}
 q - a scroll of immolation {unknown}
Potions
 f - a potion of cancellation
 j - 2 potions of might


   Skills:
 + Level 4.3 Fighting
 - Level 2.4 Dodging
 * Level 4.7 Unarmed Combat


You had 3 spell levels left.
You didn't know any spells.
Your spell library was empty.

Dungeon Overview and Level Annotations

Branches:
Dungeon (3/15)

Altars:


Innate Abilities, Weirdness & Mutations

You are immune to sickness and miasma.
Your stone body is resilient. (AC +3)
You are immune to poison.
You resist negative energy. (rN+)
You are resistant to electric shocks. (rElec)
You are resistant to unholy torment.
You are immune to petrification.
You sometimes lose your temper in combat.
Your flesh is heat resistant. (rF+)


Message History

Beogh smites you!
You are too injured to fight recklessly!
You are too injured to fight recklessly!
Unknown command.
The orc attacks as you move away! The orc barely misses you.
It was a potion of cancellation.
You feel magically purged. You block the orc's attack.
It was a potion of might.
You feel very mighty all of a sudden. You block the orc's attack.
You barely miss the orc.
The orc priest casts a cantrip, but nothing happens.
You block the orc's attack. The orc hits you with a +0 hand axe.
You barely miss the orc. You block the orc's attack.
You closely miss the orc.
The orc priest miscasts a cantrip.
The orc barely misses you.
You barely miss the orc. The orc closely misses you.
The orc hits you with a +0 hand axe.
You punch the orc!
You kill the orc!
You hit the jelly.
Your hands burn!
The jelly is moderately wounded.
The jelly hits you.
You are splashed with acid!
* * * LOW HITPOINT WARNING * * *
It was a potion of brilliance.
You feel clever all of a sudden. The jelly hits you but does no damage.
It was a potion of degeneration.
There was something very wrong with that liquid.
You feel weakened.
You feel dopey.
You feel clumsy. The jelly hits you but does no damage.
It was a potion of haste.
You feel yourself speed up. The jelly closely misses you.
It was a potion of mutation.
You feel extremely strange.
You feel a little pissed off.
You feel resistant to heat. The jelly hits you.
* * * LOW HITPOINT WARNING * * *
The acid corrodes you!
You are splashed with acid!
You die...

.. #######.########## ..
.....##.##.......# .#
#....##.#####.# .#
#.#...†.....#.# .#
#.>..##.###.#.###.#
.######..#.##.##........#
.........#.##.##.#.†.#..#
.######.##.##.##..###...#
......#.##.##.##@## ..#
.####.#.##.##.#J## .# .#
#.##.##.#o# . .# #.# .#
#o# .. #.# ##)# .... ...
o.# .... ..... o... .....
#.# ...## ....## #.# .#.#


You could see a jelly, an orc priest and an orc.

Vanquished Creatures
  A gnoll (D:1)
  2 adders
  A white imp (D:3)
  A worm (D:2)
  A dart slug (D:1)
  2 orcs (D:3)
  8 ball pythons
  4 endoplasms
  2 giant cockroaches (D:1)
  4 goblins
  4 hobgoblins
  2 jackals (D:3)
  3 quokkas
  8 bats
  3 frilled lizards
  9 kobolds
  8 rats
63 creatures vanquished.

Notes
Turn   | Place    | Note
-------+----------+-------------------------------------------
     0 | D:1      | tsouns the Gargoyle Monk began the quest for the Orb.
     0 | D:1      | Reached XP level 1. HP: 14/14 MP: 1/1
    79 | D:1      | Reached XP level 2. HP: 9/19 MP: 2/2
   461 | D:1      | Reached XP level 3. HP: 16/24 MP: 3/3
   984 | D:2      | Reached XP level 4. HP: 29/29 MP: 4/4
  1717 | D:3      | Gained mutation: You sometimes lose your temper in combat.
                  | [potion of mutation]
  1717 | D:3      | Gained mutation: Your flesh is heat resistant. (rF+)
                  | [potion of mutation]
  1717 | D:3      | Splashed by a jelly's acid

Illustrated notes

Levels and vault maps discovered:
D:1:      eino_arrival_cavern_b, layout_basic, st_stairs_9, minivault_19
D:2:      layout_rooms, grunt_ministairs_9
D:3:      layout_loops_ring, nicolae_concentric_dashed_squares_mild,
          kennysheep_cross_room

Skill      XL: |  1  2  3 |
---------------+----------+-----
Unarmed Combat | 4 |  4.7
Fighting       | 4 |  4.3
Dodging        | |  2.4

Action                     |  1- 3 |  4- 6 || total
---------------------------+-------+-------++-------
  Melee: Unarmed           |   110 |    81 ||   191
    Use: Potion            |     1 |     6 ||     7
 Armour: Robe              |    35 |    28 ||    63
  Dodge: Dodged            |    47 |    28 ||    75
  Block: Tower shield      |    29 |    50 ||    79

Table legend: (Time is in decaauts)
 A = Elapsed time spent in this place.
 B = Non-inter-level travel time spent in this place.
 C = Inter-level travel time spent in this place.
 D = Time resting spent in this place.
 E = Time spent auto-exploring this place.
 F = Levels seen in this place.
 G = Mean time per level.
                   A        B        C        D        E       F      G
               +--------+--------+--------+--------+--------+-----+--------+
         Total |   1757 |   1722 |     35 |      0 |   1264 |   3 |  585.7 |
       Dungeon |   1757 |   1722 |     35 |      0 |   1264 |   3 |  585.7 |
               +--------+--------+--------+--------+--------+-----+--------+

Top non-repeatable levels by time:
     D:1: 843 daAuts
     D:2: 583 daAuts
     D:3: 330 daAuts
